 Dungeon Crawl Stone Soup version 0.25-a0-834-g55863b0b92 (webtiles) character file.

Game seed: 3991097232273231545, levelgen mode: deterministic

102 Lanoc the Sneak (level 4, -7/30 HPs)
             Began as an Octopode Assassin on Apr 22, 2020.
             Mangled by Natasha (8 damage)
             ... on level 2 of the Dungeon.
             The game lasted 00:01:55 (1101 turns).

Lanoc the Sneak (Octopode Assassin)                 Turns: 1101, Time: 00:01:55

Health: -7/30      AC:  1    Str: 10    XL:     4   Next: 77%
Magic:  13/13      EV: 13    Int: 13    God:
Gold:   64         SH:  0    Dex: 14    Spells: 3/3 levels left

rFire    . . .     SeeInvis .   a - +2 dagger
rCold    . . .     Gourm    .   (no shield)
rNeg     . . .     Faith    .   (helmet restricted)
rPois    .         Spirit   .   (no amulet)
rElec    .         Reflect  .   l - ring of magical power
rCorr    .         Harm     .   (no ring)
MR       .....                  (no ring)
Stlth    ++++......             (no ring)
HPRegen  0.10/turn              (no ring)
MPRegen  0.13/turn              (no ring)
                                (no ring)
                                (no ring)

@: flying
A: almost no armour, stealthy swim, amphibious, 8 rings, constrict 8, camouflage
1, gelatinous body 1
a: no special abilities


You were on level 2 of the Dungeon.
You were hungry.

You visited 1 branch of the dungeon, and saw 2 of its levels.

You collected 64 gold pieces.

Inventory:

Hand Weapons
 a - a +2 dagger (weapon)
Missiles
 b - 7 poisoned darts (quivered)
 c - 2 curare-tipped darts
Jewellery
 l - a ring of magical power (left tentacle)
Scrolls
 e - a scroll of amnesia {unknown}
 f - a scroll of teleportation {unknown}
 i - a scroll of remove curse {unknown}
 j - 2 scrolls of identify {unknown}
 m - a scroll of enchant armour {unknown}
 n - a scroll of magic mapping {unknown}
Potions
 g - a potion of heal wounds {unknown}
 h - a potion of magic {unknown}
 o - a potion of invisibility {unknown}
Comestibles
 d - 2 rations


   Skills:
 + Level 2.6 Fighting
 * Level 3.2 Short Blades
 - Level 2.0 Throwing
 + Level 1.8 Dodging
 * Level 6.5 Stealth


You had 3 spell levels left.
You didn't know any spells.
Your spell library was empty.

Dungeon Overview and Level Annotations

Branches:
Dungeon (2/15)

Altars:
Zin

Annotations:
D:2 Natasha


Innate Abilities, Weirdness & Mutations

You cannot wear most types of armour.
You are very stealthy in the water. (Stealth+)
You are amphibious.
You can wear up to eight rings at the same time.
You can use your tentacles to constrict eight enemies at once.
Your skin changes colour to match your surroundings (Stealth+).
Your rubbery body absorbs attacks. (AC +1, EV +1)


Message History

You hit Natasha but do no damage.
Natasha is lightly wounded.
You constrict Natasha, but do no damage.
Natasha howls an incantation.
You feel troubled. Natasha claws you.
You are too injured to fight recklessly!
You hit Natasha.
Natasha is moderately wounded.
You constrict Natasha, but do no damage.
Natasha claws you!
* * * LOW HITPOINT WARNING * * *
You hit Natasha.
Natasha is heavily wounded.
You constrict Natasha. Natasha claws you.
* * * LOW HITPOINT WARNING * * *
It was a potion of flight.
You feel very buoyant.
You fly up into the air.
You constrict Natasha. Natasha claws you!
You die...

####### #...... #......
#### #...... #...######
####......
+........#...........
####....†##.#.####.#+###
.......@................
###########h##.#.#.#..#.###
#............#.# #.##.#[...
#..............#.#....#....
#..............#.#...)#....
#......)(..†...#...<.......
#h.........#'#.###.####....
...........#...............
..##########.......####....


You could see Natasha.

Vanquished Creatures
  Jessica (D:2)
  Natasha (D:2)
  2 adders (D:2)
  A dart slug (D:1)
  2 leopard geckos
  A ball python (D:2)
  4 bats (D:2)
  3 goblins
  3 hobgoblins
  4 frilled lizards
  3 kobolds
  7 rats
32 creatures vanquished.

Notes
Turn   | Place    | Note
-------+----------+-------------------------------------------
     0 | D:1      | Lanoc the Octopode Assassin began the quest for the Orb.
     0 | D:1      | Reached XP level 1. HP: 14/14 MP: 1/1
   199 | D:1      | Reached XP level 2. HP: 19/19 MP: 2/2
   539 | D:2      | Reached XP level 3. HP: 17/24 MP: 3/3
   736 | D:2      | Found a glowing silver altar of Zin.
   830 | D:2      | Noticed Natasha
   830 | D:2      | Noticed Jessica
   836 | D:2      | Killed Natasha
   836 | D:2      | Reached skill level 6 in Stealth
   836 | D:2      | Reached XP level 4. HP: 28/30 MP: 4/4
   840 | D:2      | Killed Jessica
  1015 | D:2      | Noticed Natasha
  1100 | D:2      | HP: 1/30 [Natasha (5)]
  1101 | D:2      | Mangled by Natasha

Levels and vault maps discovered:
D:1:      dpeg_arrival_castle, layout_basic
D:2:      layout_basic, zin_treasury, first_ration, uniq_natasha, uniq_jessica

Skill      XL: |  1  2  3  4 |
---------------+-------------+-----
Stealth        | 6 |  6.5
Short Blades   | 3 |  3.2
Fighting       | |  2.6
Throwing       | |  2.0
Dodging        | |  1.8

Action                   |  1- 3 |  4- 6 || total
-------------------------+-------+-------++-------
Melee: Dagger            |    33 |    15 ||    48
       Constrict         |     8 |     1 ||     9
       Tentacles         |     3 |     1 ||     4
Throw: Dart              |       |     1 ||     1
  Use: Potion            |       |     1 ||     1
 Stab: Sleeping          |    13 |     7 ||    20
Armor: Skin              |     2 |       ||     2
Dodge: Dodged            |    11 |     1 ||    12

Table legend:
 A = Non-vault XP
 B = Vault XP
 C = Vault XP percentage of total XP
 D = Non-vault monster count
 E = Vault monster count
 F = Vault count percentage of total count
                 A         B        C        D         E       F
            +---------+---------+-------+---------+---------+-------
      Total |      74 |      72 |  49.3 |      30 |       2 |   6.2
            +---------+---------+-------+---------+---------+-------
        D:1 |      18 |       0 |   0.0 |      10 |       0 |   0.0
        D:2 |      56 |      72 |  56.2 |      20 |       2 |   9.1
            +---------+---------+-------+---------+---------+-------
